 Dungeon Crawl Stone Soup version 0.29.0-13-gc9e81de378 (webtiles) character file.

Game seed: 2194024853681858016

5665 night the Grappler (level 10, -9/91 HPs)
             Began as a Troll Transmuter on Sept 8, 2022.
             Was a Priest of Nemelex Xobeh.
             Mangled by a large slime creature (13 damage)
             ... on level 9 of the Dungeon.
             The game lasted 00:13:57 (6513 turns).

night the Grappler (Troll Transmuter)               Turns: 6513, Time: 00:13:58

Health: -9/91      AC: 14    Str: 22    XL:     10   Next: 47%
Magic:  11/11      EV:  9    Int: 11    God:    Nemelex Xobeh [***...]
Gold:   1045       SH:  0    Dex: 10    Spells: 6/11 levels left

rFire   . . .      SeeInvis .     - Unarmed
rCold   . . .      Faith    .   (no shield)
rNeg    + . .      Spirit   .   m - +2 robe {rN+}
rPois   .          Reflect  .   (helmet restricted)
rElec   .          Harm     .   (no cloak)
rCorr   .          Rampage  .   (gloves unavailable)
Will    .....                   (boots unavailable)
Stlth   +.........              l - amulet of magic regeneration
HPRegen 1.05/turn               g - +4 ring of protection
MPRegen 0.52/turn               f - +4 ring of protection

@: no status effects
A: large, unfitting armour, claws 3, regeneration 1, shaggy fur 1, tough skin 1
a: Renounce Religion, Draw Escape, Draw Destruction, Draw Summoning, Triple Draw


You were on level 9 of the Dungeon.
You worshipped Nemelex Xobeh.
Nemelex Xobeh was most pleased with you.
You visited 2 branches of the dungeon, and saw 10 of its levels.

You collected 1261 gold pieces.
You spent 216 gold pieces at shops.

Inventory:

Missiles
 c - 100 stones
 j - 2 javelins
 w - 26 poisoned darts
 x - a throwing net
Armour
 m - a +2 robe of positive energy (worn)
Jewellery
 f - a +4 ring of protection (right claw)
 g - a +4 ring of protection (left claw)
 h - a ring of wizardry
 l - an amulet of magic regeneration (around neck)
Wands
 a - a wand of acid (2)
 A - a wand of mindburst (8)
 B - a wand of roots (10)
Scrolls
 d - 8 scrolls of identify
 e - 2 scrolls of magic mapping
 n - a scroll of blinking
 p - a scroll of noise
 q - 3 scrolls of poison
 v - 2 scrolls of teleportation
 y - a scroll of butterflies {unknown}
Potions
 b - a potion of lignification
 i - 4 potions of heal wounds
 k - 3 potions of resistance
 o - a potion of cancellation {unknown}
 r - 4 potions of flight {unknown}
 s - 5 potions of curing
 t - a potion of brilliance {unknown}
 u - 2 potions of berserk rage {unknown}
 z - a potion of mutation {unknown}
 C - a potion of magic {unknown}


   Skills:
 + Level 3.6 Fighting
 - Level 1.5 Dodging
 * Level 11.6 Unarmed Combat
 - Level 1.2 Spellcasting
 - Level 5.1 Transmutations
 - Level 4.8 Ice Magic
 + Level 3.7 Invocations


You had 6 spell levels left.
You knew the following spells:

 Your Spells              Type           Power      Damage    Failure   Level
a - Beastly Appendage     Tmut           22%        N/A       3%          1
b - Ice Form              Ice/Tmut       11%        N/A       38%         4

Your spell library contained the following spells:

 Spells                   Type           Power      Damage    Failure   Level
 Wereblood                Tmut           11%        N/A       6%          2
 Spider Form              Tmut/Pois      6%         N/A       32%         3


Dungeon Overview and Level Annotations

Branches:
Dungeon (9/15)             Temple (1/1) D:7            Lair (0/5) D:8
    Orc: D:9-12

Altars:
Ashenzari
Cheibriados
Dithmenos
Elyvilon
Fedhas
Gozag
Kikubaaqudgha
Makhleb
Nemelex Xobeh
Okawaru
Qazlal
Ru
Sif Muna
Trog
Uskayaw
Vehumet
Wu Jian
Xom
Yredelemnul
Zin
The Shining One

Shops:
D:7 *


Innate Abilities, Weirdness & Mutations

You are too large for most types of armour.
You have claws for hands.
Your natural rate of healing is unusually fast.
You are covered in fur. (AC +1)
You have tough skin. (AC +1)


Message History

The very large slime creature hits you!
You claw the very large slime creature!
The very large slime creature is severely wounded.
The large slime creature hits you!!
The very large slime creature hits you but does no damage.
You mangle the very large slime creature!!
The very large slime creature is severely wounded.
A large slime creature splits.
You claw the slime creature!
The slime creature is severely wounded.
A very large slime creature splits.
The slime creature hits you!
You mangle the large slime creature!!
The large slime creature is almost dead.
The slime creature closely misses you. The large slime creature hits you!!
* * * LOW HITPOINT WARNING * * *
The slime creature attacks as you move away!
The slime creature misses you.
The slime creature attacks as you move away!
The slime creature hits you.
* * * LOW HITPOINT WARNING * * *
The slime creature is no longer covered in acid.
Two slime creatures merge to form a large slime creature.
The slime creature closely misses you.
A large slime creature splits.
The slime creature attacks as you move away!
The slime creature barely misses you.
The large slime creature is no longer covered in acid.
The slime creature is no longer covered in acid. x2
Two slime creatures merge to form a large slime creature.
The slime creature hits you.
* * * LOW HITPOINT WARNING * * *
You draw a card...
You have drawn the Swarm.
The deck of cards glows with a rainbow of weird colours and disappears.
The slime creature hits you!
* * * LOW HITPOINT WARNING * * *
The slime creature attacks as you move away!
The slime creature barely misses you.
The large slime creature attacks as you move away!
The large slime creature hits you!
You die...
Your body glows slightly and disappears.

#......+ #......# #......# +##
#......# .... #......#####
....###...........
.........J.....#
.........J@....#
.........J..y..##
........##+##...# #..#
........#...#...# #..#
#########.#...#...# #..#
#.....?.#.#...#...# #..#
#.......#.#...#...# #..#
###.......#.#...#...# #..#
..#.[.......'.#...#...######..#


You could see 2 large slime creatures, a slime creature (ally target) and a
friendly killer bee (summoned).

Vanquished Creatures
  A two-headed ogre (D:8)
  Pikel (D:4)
  An elephant (D:8)
  A hornet (D:8)
  Sigmund (D:3)
  4 yaks (D:8)
  A wyvern (D:7)
  2 basilisks (D:8)
  An acid dragon (D:9)
  A water moccasin (D:7)
  2 ice beasts (D:6)
  2 sky beasts
  2 black bears
  2 centaurs
  3 phantoms
  2 kobold brigands
  A necrophage (D:3)
  2 bullfrogs (D:8)
  3 scorpions
  6 killer bees (D:8)
  2 bullfrog zombies (D:7)
  2 centaur zombies (D:7)
  A jelly (D:8)
  3 orc priests
  The ghost of
  112233 the Firebug, a weakling FeFE (D:3)
  3 hounds
  Natasha (thrice) (D:3)
  3 iguanas
  7 orc wizards
  A killer bee zombie (D:7)
  2 howler monkey zombies (D:7)
  3 gnolls (D:6)
  5 adders
  A shadow imp (D:5)
  4 white imps
  An ufetubus (D:5)
  7 dart slugs
  29 orcs
  5 ball pythons
  3 bats
  5 endoplasms
  10 giant cockroaches
  4 hobgoblins
  9 jackals
  5 quokkas
  5 frilled lizards (D:1)
  10 goblins
  20 kobolds
  5 rats
198 creatures vanquished.

Vanquished Creatures (others)
  An orc wizard (D:6)
1 creature vanquished.

Grand Total: 199 creatures vanquished

Notes
Turn   | Place    | Note
-------+----------+-------------------------------------------
     0 | D:1      | night the Troll Transmuter began the quest for the Orb.
     0 | D:1      | Reached XP level 1. HP: 18/18 MP: 1/1
   169 | D:1      | Reached XP level 2. HP: 26/26 MP: 0/2
   288 | D:1      | Found a faded altar of an unknown god.
   445 | D:1      | Reached XP level 3. HP: 32/32 MP: 3/3
   982 | D:2      | Reached skill level 1 in Ice Magic
  1261 | D:2      | Found a sparkling altar of Nemelex Xobeh.
  1359 | D:2      | Became a worshipper of Nemelex Xobeh the Trickster
  1372 | D:2      | Reached skill level 4 in Unarmed Combat
  1372 | D:2      | Reached skill level 2 in Transmutations
  1647 | D:3      | Reached XP level 4. HP: 28/40 MP: 4/4
  1662 | D:3      | Learned a level 4 spell: Ice Form
  1725 | D:3      | Found a shimmering blue altar of Sif Muna.
  1892 | D:3      | Found a runed translucent gate.
  1892 | D:3      | Found a runed translucent gate.
  1892 | D:3      | Found an opulent altar of Gozag.
  1893 | D:3      | Found a runed translucent gate.
  1895 | D:3      | Noticed a necrophage
  1896 | D:3      | Noticed 112233's ghost (weakling FeFE)
  1925 | D:3      | Noticed Natasha
  1941 | D:3      | Reached XP level 5. HP: 33/46 MP: 5/5
  1946 | D:3      | Killed Natasha
  1986 | D:3      | Noticed Natasha
  1990 | D:3      | Killed Natasha
  2020 | D:3      | Identified a scroll of acquirement
  2023 | D:3      | Acquired 864 gold pieces
  2113 | D:3      | Noticed Sigmund
  2146 | D:3      | Killed Sigmund
  2147 | D:3      | Reached skill level 5 in Unarmed Combat
  2147 | D:3      | Reached skill level 2 in Ice Magic
  2147 | D:3      | Reached XP level 6. HP: 22/54 MP: 6/6
  2327 | D:3      | Reached * piety under Nemelex Xobeh
  2364 | D:3      | Noticed Natasha
  2375 | D:3      | Killed Natasha
  2499 | D:3      | Killed 112233's ghost
  2574 | D:4      | Reached skill level 6 in Unarmed Combat
  2574 | D:4      | Reached XP level 7. HP: 61/61 MP: 7/7
  2598 | D:4      | Found a glowing silver altar of Zin.
  2661 | D:4      | Identified the +5 trident "Licechaz" {pain, rC++ Int-3}
  2824 | D:4      | Noticed Pikel
  2842 | D:4      | Killed Pikel
  2843 | D:4      | Reached skill level 7 in Unarmed Combat
  2843 | D:4      | Reached XP level 8. HP: 54/68 MP: 8/8
  3095 | D:4      | Found an ornate altar of the Wu Jian Council.
  3107 | D:4      | Found a stormy altar of Qazlal.
  3138 | D:5      | Entered Level 5 of the Dungeon
  3310 | D:5      | Reached skill level 8 in Unarmed Combat
  3337 | D:5      | Received a gift from Nemelex Xobeh
  3523 | D:5      | Reached ** piety under Nemelex Xobeh
  4151 | D:6      | Reached XP level 9. HP: 75/75 MP: 9/9
  4447 | D:6      | Reached skill level 9 in Unarmed Combat
  4709 | D:6      | Reached *** piety under Nemelex Xobeh
  4855 | D:7      | Found a broken altar of Ashenzari.
  4921 | D:7      | Found a basalt altar of Yredelemnul.
  5044 | D:7      | Found Woles's Hallowed Reliquary.
  5045 | D:7      | Noticed an angel
  5052 | D:7      | Bought a potion of heal wounds for 60 gold pieces
  5052 | D:7      | Bought a potion of heal wounds for 60 gold pieces
  5052 | D:7      | Bought a potion of heal wounds for 60 gold pieces
  5052 | D:7      | Bought a potion of curing for 36 gold pieces
  5074 | D:7      | Reached skill level 5 in Transmutations
  5271 | D:7      | Found a staircase to the Ecumenical Temple.
  5330 | Temple   | Entered the Ecumenical Temple
  5693 | D:8      | Reached skill level 1 in Fighting
  5745 | D:7      | Reached skill level 10 in Unarmed Combat
  5745 | D:7      | Reached skill level 1 in Invocations
  5812 | D:8      | Noticed a two-headed ogre
  5821 | D:8      | Paralysed by a hornet for 1 turns
  5824 | D:8      | Killed a two-headed ogre
  5825 | D:8      | Reached skill level 2 in Fighting
  5825 | D:8      | Reached skill level 2 in Invocations
  5830 | D:8      | Paralysed by a hornet for 3 turns
  5833 | D:8      | HP: 11/79 [poisoned by a hornet]
  5833 | D:8      | HP: 4/79 [hornet (7)]
  5921 | D:8      | Reached XP level 10. HP: 88/88 MP: 10/10
  5953 | D:8      | Reached skill level 11 in Unarmed Combat
  6026 | D:8      | Noticed an elephant
  6036 | D:8      | Killed an elephant
  6050 | D:8      | Received a gift from Nemelex Xobeh
  6302 | D:8      | Found a staircase to the Lair.
  6508 | D:9      | HP: 13/91 [large slime creature (30)]
  6512 | D:9      | HP: 4/91 [slime creature (10)]
  6513 | D:9      | Mangled by a large slime creature

Illustrated notes

Levels and vault maps discovered:
D:1:      psy_arrival_whirlpool, layout_basic, hellmonk_ecumenical_altar_zigzags
D:2:      layout_loops_ring, basic_altar
D:3:      kennysheep_big_flooded_room, layout_loops_ring, marbit_many_paths,
          ebering_ghost_gozag, uniq_sigmund, uniq_natasha
D:4:      layout_rooms, mainiacjoe_overflow_paths, mainiacjoe_overflow_swirl,
          uniq_pikel
D:5:      layout_basic, nrook_mini_backslash
D:6:      layout_gridville
D:7:      layout_rooms, ashenzari_conservatory_becter,
          nicolae_yredelemnul_corpse_copse, minmay_temple_entry_stoned_glass,
          chequers_hall_statues_corner_a, hangedman_abyss_or_decor_lesser_grid,
          nicolae_good_shop
D:8:      layout_cave_pools, david_lair_generic, lightli_orcish_oven
D:9:      layout_irregular_city, nicolae_hepliaklqana_hazy_memory,
          chequers_serial_rivers_small_a, minmay_strange_pillars, st_stairs_1,
          hangedman_misty_isle
Temple:   regret_index_temple_generic_petals

Skill      XL: |  1  2  3  4  5  6  7  8  9 10 |
---------------+-------------------------------+-----
Ice Magic      | 1 2 3 4 |  4.8
Unarmed Combat | 4 5 6 7 8 10 11 | 11.6
Transmutations | 2 3 4 5 |  5.1
Fighting       | 2 3 |  3.6
Invocations    | 2 3 |  3.7
Dodging        | |  1.5
Spellcasting   | |  1.2

Action                   |  1- 3 |  4- 6 |  7- 9 | 10-12 || total
-------------------------+-------+-------+-------+-------++-------
Melee: Unarmed           |   140 |   106 |   383 |    81 ||   710
       Punch             |     1 |     4 |    11 |     5 ||    21
       Kick              |       |       |     7 |       ||     7
       Headbutt          |       |       |     2 |       ||     2
 Cast: Ice Form          |       |       |     4 |     1 ||     5
       Beastly Appendage |       |       |     1 |       ||     1
Invok: Draw Summoning    |       |       |       |     2 ||     2
Evoke: Wand              |       |       |     1 |     4 ||     5
  Use: Scroll            |     6 |     5 |     1 |       ||    12
       Potion            |       |     1 |     1 |       ||     2
 Stab: Distracted        |       |     1 |       |       ||     1
       Sleeping          |       |     1 |     2 |       ||     3
Armor: Robe              |    77 |    29 |   229 |    45 ||   380
       Skin              |       |       |    19 |    23 ||    42
Dodge: Dodged            |    74 |    31 |   180 |    38 ||   323
